[Event "ICC tourney 2074 (75 10)"]
[Site "Internet Chess Club"]
[Date "2020.10.25"]
[Round "4"]
[White "funderdifflin"]
[Black "BArkadia"]
[Result "0-1"]
[ICCResult "White checkmated"]
[WhiteElo "668"]
[BlackElo "1201"]
[Opening "Queen's pawn: London system"]
[ECO "A45"]
[NIC "QP.05"]
[Time "11:02:29"]
[PlyCount "84"]
[TimeControl "4500+10"]

1. d4 Nf6 2. Bf4 e6 3. Nf3 d5 4. e3 Be7 5. Be2 O-O 6. c4 Bb4+ 7. Nbd2 Bd6
8. Bxd6 cxd6 9. O-O Nbd7 10. Rc1 e5 11. dxe5 dxe5 12. cxd5 Nxd5 13. Qb3
N5f6 14. Bc4 h6 15. Rfd1 e4 16. Nd4 Ng4 17. Nxe4 Nxh2 18. Kxh2 Qh4+ 19. Kg1
Qxe4 20. Bd3 Qe5 21. Qc2 Nf6 22. Be2 Ng4 23. Qc7 Qf6 24. Qg3 h5 25. Rc5 h4
26. Qf4 Qxf4 27. exf4 Nf6 28. Rd3 Rd8 29. Nb3 Bg4 30. Rxd8+ Rxd8 31. f3 Re8
32. Kf2 h3 33. gxh3 Bxh3 34. Bf1 Bg4 35. Rc7 Rc8 36. Rxb7 Rc2+ 37. Kg3 Bf5
38. Nd4 Nh5+ 39. Kh4 Rh2+ 40. Kg5 Bc8 41. Rb8 f6+ 42. Kg6 Nxf4# { White
checkmated } 0-1

[Event "ICC tourney 2074 (75 10)"]
[Site "Internet Chess Club"]
[Date "2020.10.25"]
[Round "5"]
[White "kushagra12"]
[Black "Jmarley538"]
[Result "0-1"]
[ICCResult "White checkmated"]
[WhiteElo "1057"]
[BlackElo "1225"]
[Opening "Two knights defense, Perreux variation"]
[ECO "C55"]
[NIC "KP.02"]
[Time "14:31:38"]
[PlyCount "130"]
[TimeControl "4500+10"]

1. e4 e5 2. Nf3 Nc6 3. d4 exd4 4. Bc4 Nf6 5. Ng5 d5 6. exd5 Nxd5 7. O-O Be7
8. Nxf7 Kxf7 9. Qf3+ Ke6 10. Re1+ Kd7 11. Qxd5+ Ke8 12. Qf7+ Kd7 13. Be6+
Kd6 14. Bf4+ Kc5 15. Qf5+ Kb6 16. Na3 a6 17. c3 Bxe6 18. Qxe6 Ka7 19. cxd4
Bxa3 20. bxa3 Kb8 21. d5 Nd4 22. Qe4 Nb5 23. Rac1 Nd6 24. Qb4 a5 25. Qb3
Ra6 26. Rb1 Rb6 27. Qa4 Rxb1 28. Rxb1 g5 29. Bxd6 Qxd6 30. Qxa5 Rd8 31. Qb5
Qxd5 32. Qxd5 Rxd5 33. h3 c5 34. f3 Kc7 35. Kh2 c4 36. Rc1 b5 37. a4 Kb6
38. axb5 Kxb5 39. a4+ Kb4 40. Kg3 h5 41. Kf2 Kb3 42. Ke3 c3 43. a5 Kb2 44.
Re1 Re5+ 45. Kf2 Rxe1 46. Kxe1 c2 47. a6 c1=Q+ 48. Ke2 Qc8 49. a7 Qa8 50.
g4 Qxa7 51. gxh5 Kc2 52. h6 Qe7+ 53. Kf2 Kd2 54. Kg3 Qe5+ 55. Kg4 Qf4+ 56.
Kh5 Qf6 57. h7 Ke3 58. f4 gxf4 59. h4 f3 60. h8=Q Qxh8+ 61. Kg4 f2 62. h5
Ke4 63. h6 Qg8+ 64. Kh5 Kf5 65. Kh4 Qg4# { White checkmated } 0-1

[Event "ICC tourney 2074 (75 10)"]
[Site "Internet Chess Club"]
[Date "2020.10.25"]
[Round "5"]
[White "AF1015"]
[Black "JCJ2018"]
[Result "0-1"]
[ICCResult "White checkmated"]
[WhiteElo "880"]
[BlackElo "1038"]
[Opening "Giuoco Piano"]
[ECO "C53"]
[NIC "IG.02"]
[Time "14:33:08"]
[PlyCount "114"]
[TimeControl "4500+10"]

1. e4 e5 2. Nf3 Nc6 3. Bc4 Bc5 4. c3 Qf6 5. d4 exd4 6. cxd4 Bxd4 7. Nxd4
Qxd4 8. Qb3 Qxe4+ 9. Be3 Ne5 10. Nd2 Qg6 11. O-O-O Nxc4 12. Qxc4 Qc6 13.
Qxc6 dxc6 14. Rhe1 Nf6 15. Bc5+ Be6 16. f4 b6 17. f5 bxc5 18. fxe6 fxe6 19.
Rxe6+ Kd7 20. Re3 Kc8 21. Ne4 Nxe4 22. Rxe4 Kb7 23. Re7 Rhg8 24. Rdd7 Rac8
25. Re3 c4 26. Rc3 Rcd8 27. Re7 Rde8 28. Rd7 Kc8 29. Rd4 Re2 30. Rdxc4 Rf8
31. Kb1 Rf1+ 32. Rc1 Rxc1+ 33. Rxc1 Rxg2 34. Rxc6 Rxh2 35. Re6 h5 36. Re8+
Kb7 37. Rg8 h4 38. Rxg7 h3 39. Rh7 Kc6 40. Rxh3 Rxh3 41. Kc2 Kc5 42. b3 a5
43. Kb2 Kb4 44. a3+ Kc5 45. Ka2 Rh2+ 46. Kb1 Kd4 47. b4 Kc3 48. bxa5 Kb3
49. Kc1 Kc3 50. Kb1 Kb3 51. Kc1 Kxa3 52. a6 Ra2 53. a7 Kb3 54. a8=Q Rxa8
55. Kb1 Ra2 56. Kc1 Rh2 57. Kb1 Rh1# { White checkmated } 0-1

[Event "ICC tourney 2074 (75 10)"]
[Site "Internet Chess Club"]
[Date "2020.10.25"]
[Round "5"]
[White "MYMChessWyatt"]
[Black "scarecrow"]
[Result "1-0"]
[ICCResult "Black resigns"]
[WhiteElo "1239"]
[BlackElo "1187"]
[Opening "Sicilian: Kan, 5.Nc3"]
[ECO "B43"]
[NIC "SI.41"]
[Time "14:31:44"]
[PlyCount "33"]
[TimeControl "4500+10"]

1. e4 c5 2. Nf3 e6 3. d4 cxd4 4. Nxd4 a6 5. Nc3 Qc7 6. Be2 Nf6 7. O-O Be7
8. f4 d6 9. Be3 e5 10. fxe5 dxe5 11. Nf5 Bxf5 12. Rxf5 Nc6 13. Nd5 Nxd5 14.
exd5 Nb4 15. c3 Nxd5 16. Qxd5 Rd8 17. Qxf7+ { Black resigns } 1-0

[Event "ICC tourney 2074 (75 10)"]
[Site "Internet Chess Club"]
[Date "2020.10.25"]
[Round "5"]
[White "Aadarsh99"]
[Black "Fredzhang"]
[Result "0-1"]
[ICCResult "White resigns"]
[WhiteElo "1142"]
[BlackElo "1069"]
[Opening "QGD Slav: 3.Nf3"]
[ECO "D11"]
[NIC "SL.01"]
[Time "14:31:39"]
[PlyCount "78"]
[TimeControl "4500+10"]

1. d4 d5 2. c4 c6 3. Nf3 Nf6 4. Bg5 dxc4 5. Nbd2 b5 6. e4 Bg4 7. Bxf6 exf6
8. Be2 Bxf3 9. Nxf3 Bb4+ 10. Kf1 O-O 11. a3 Bd6 12. g3 Nd7 13. Kg2 Qc7 14.
Qc2 a5 15. Rad1 Nb6 16. Rhe1 Rfe8 17. Nh4 Nd7 18. Nf5 g6 19. Nxd6 Qxd6 20.
f4 Re7 21. e5 Qc7 22. Bf3 fxe5 23. dxe5 Nc5 24. Be2 Rd7 25. Rxd7 Qxd7 26.
Rd1 Qc7 27. b4 axb4 28. axb4 Ne6 29. Bf3 Rd8 30. Rxd8+ Qxd8 31. Qc3 Qb6 32.
Qa3 Qd4 33. Qa8+ Kg7 34. Qe8 c5 35. Qe7 c3 36. Qf6+ Kg8 37. Bg4 Qd5+ 38.
Kh3 c2 39. Bxe6 Qxe6+ { White resigns } 0-1

[Event "ICC tourney 2074 (75 10)"]
[Site "Internet Chess Club"]
[Date "2020.10.25"]
[Round "5"]
[White "Maximusiv"]
[Black "funderdifflin"]
[Result "1-0"]
[ICCResult "Black resigns"]
[WhiteElo "1004"]
[BlackElo "655"]
[Opening "Caro-Kann: classical variation"]
[ECO "B18"]
[NIC "CK.10"]
[Time "14:31:37"]
[PlyCount "67"]
[TimeControl "4500+10"]

1. e4 c6 2. d4 d5 3. Nc3 dxe4 4. Nxe4 Bf5 5. Ng3 Bg6 6. Nf3 Nd7 7. Nh4 Qc7
8. Nxg6 hxg6 9. Bc4 e6 10. Qf3 Ngf6 11. Bg5 Qa5+ 12. Bd2 Qc7 13. O-O-O
O-O-O 14. Bf4 Bd6 15. Be3 Kb8 16. Rd3 Nb6 17. Rc3 Bb4 18. Rb3 Nfd5 19. Bxd5
Nxd5 20. c4 Nxe3 21. Qxe3 Be7 22. h3 Bf6 23. Rd1 Rh4 24. Ne4 Be7 25. Rbd3
Rd7 26. Ng5 Bf6 27. Nf3 Rh5 28. Ne5 Bxe5 29. dxe5 Rxd3 30. Rxd3 Rxe5 31.
Qd2 a6 32. Rd8+ Ka7 33. Qd4+ Qb6 34. Ra8+ { Black resigns } 1-0

[Event "ICC tourney 2074 (75 10)"]
[Site "Internet Chess Club"]
[Date "2020.10.25"]
[Round "5"]
[White "oxdidi"]
[Black "travelworld"]
[Result "1/2-1/2"]
[ICCResult "Game drawn by mutual agreement"]
[WhiteElo "1063"]
[BlackElo "1148"]
[Opening "Petrov: classical attack"]
[ECO "C42"]
[NIC "RG.04"]
[Time "14:31:36"]
[PlyCount "69"]
[TimeControl "4500+10"]

1. e4 e5 2. Nf3 Nf6 3. Nxe5 d6 4. Nf3 Nxe4 5. d4 Qe7 6. Qe2 Nf6 7. Qxe7+
Bxe7 8. Bb5+ c6 9. Bd3 O-O 10. O-O Bg4 11. Re1 Re8 12. Nbd2 Nbd7 13. h3 Bh5
14. Ng5 h6 15. Nge4 Nxe4 16. Nxe4 d5 17. Ng3 Bg6 18. Bxg6 fxg6 19. Bd2 Bf6
20. c3 Nb6 21. b3 Rad8 22. Re3 Bg5 23. Rxe8+ Rxe8 24. Bxg5 hxg5 25. Kf1 Nd7
26. Re1 Rxe1+ 27. Kxe1 Kf7 28. Ke2 Nf6 29. Kf3 b6 30. b4 Ke6 31. a4 a6 32.
Ke3 Kd6 33. f4 gxf4+ 34. Kxf4 Nh7 35. h4 { Game drawn by mutual agreement }
1/2-1/2

[Event "ICC tourney 2074 (75 10)"]
[Site "Internet Chess Club"]
[Date "2020.10.25"]
[Round "5"]
[White "tundrarules"]
[Black "unigirl314"]
[Result "1-0"]
[ICCResult "Black checkmated"]
[WhiteElo "1039"]
[BlackElo "893"]
[Opening "Giuoco Piano: four knights variation"]
[ECO "C50"]
[NIC "IG.02"]
[Time "14:31:45"]
[PlyCount "111"]
[TimeControl "4500+10"]

1. e4 e5 2. Nf3 Nc6 3. Bc4 Bc5 4. Nc3 Nf6 5. O-O d6 6. h3 O-O 7. d3 h6 8.
Re1 Nd4 9. Be3 Be6 10. Bxd4 Bxd4 11. Nxd4 exd4 12. Ne2 c5 13. c3 Bxc4 14.
dxc4 dxc3 15. Nxc3 Re8 16. Qf3 b6 17. Rad1 a6 18. e5 Qe7 19. exf6 Qxf6 20.
Qxf6 Rxe1+ 21. Rxe1 gxf6 22. Nd5 Rb8 23. Nxf6+ Kg7 24. Ne8+ Kh8 25. Nxd6
Kg7 26. Nf5+ Kh7 27. Re7 Kg6 28. Ne3 a5 29. a4 Kg7 30. Nd5 Kg6 31. Rc7 Kg7
32. Rc6 Kh7 33. Rxb6 Rxb6 34. Nxb6 Kg7 35. Kf1 Kf6 36. Ke2 Ke6 37. Kd3 Kd6
38. Nd5 f5 39. g4 fxg4 40. hxg4 Ke5 41. f3 Ke6 42. Ke4 Kf7 43. Ke5 Ke8 44.
Kd6 Kd8 45. Kxc5 Kc8 46. Kb6 Kd7 47. Kxa5 Ke6 48. Kb6 Kd7 49. a5 Kc8 50. a6
Kb8 51. a7+ Kc8 52. a8=Q+ Kd7 53. Qb7+ Ke6 54. Qh7 Ke5 55. Qf5+ Kd6 56. c5#
{ Black checkmated } 1-0

[Event "ICC tourney 2074 (75 10)"]
[Site "Internet Chess Club"]
[Date "2020.10.25"]
[Round "5"]
[White "QueeningPawn8"]
[Black "TemporaryOtter"]
[Result "1-0"]
[ICCResult "Black checkmated"]
[WhiteElo "916"]
[BlackElo "760"]
[Opening "Scotch game"]
[ECO "C45"]
[NIC "SO.04"]
[Time "14:31:35"]
[PlyCount "115"]
[TimeControl "4500+10"]

1. e4 e5 2. Nf3 Nc6 3. d4 exd4 4. Nxd4 Bd6 5. Bc4 Bc5 6. Be3 Nf6 7. Nxc6
bxc6 8. Bxc5 Nxe4 9. Qe2 d5 10. Bd3 Be6 11. Bxe4 dxe4 12. Qxe4 Qd5 13. Qxd5
cxd5 14. Nc3 c6 15. O-O-O f6 16. Rhe1 Kf7 17. h3 Rhe8 18. Re2 a6 19. Rde1
Rad8 20. Rd2 Bf5 21. Rxe8 Kxe8 22. Re2+ Kf7 23. Re7+ Kg6 24. Rc7 d4 25. Nd1
Be4 26. f3 Bd5 27. Bxd4 Bxa2 28. Bf2 Bd5 29. Nc3 Rd6 30. Nxd5 cxd5 31. Bc5
Re6 32. Kd2 Kf5 33. Rxg7 h6 34. Rf7 Kg6 35. Re7 Rc6 36. Bd4 Rc4 37. Kd3 Rc6
38. Rd7 Kf5 39. Rxd5+ Ke6 40. Rh5 Kf7 41. Rxh6 Kg7 42. Rxf6 Rxf6 43. Bxf6+
Kxf6 44. h4 Kg6 45. g4 Kh6 46. f4 Kg6 47. h5+ Kh6 48. f5 Kg5 49. c4 Kxg4
50. h6 Kxf5 51. h7 Ke5 52. h8=Q+ Kd6 53. Kd4 Kc6 54. Qf6+ Kd7 55. Kd5 Kc7
56. Qc6+ Kd8 57. Kd6 a5 58. Qd7# { Black checkmated } 1-0

[Event "ICC tourney 2074 (75 10)"]
[Site "Internet Chess Club"]
[Date "2020.10.25"]
[Round "5"]
[White "FiveTimesNo"]
[Black "lucachesschess"]
[Result "1-0"]
[ICCResult "Black checkmated"]
[WhiteElo "1125"]
[BlackElo "1237"]
[Opening "Grünfeld with Bf4 & e3"]
[ECO "D93"]
[NIC "QP.07"]
[Time "14:31:35"]
[PlyCount "115"]
[TimeControl "4500+10"]

1. d4 Nf6 2. Bf4 g6 3. e3 Bg7 4. c4 O-O 5. Nc3 d5 6. Nf3 c6 7. Be2 Bf5 8.
O-O Nbd7 9. Qb3 Qb6 10. Rfc1 e6 11. h3 Qxb3 12. axb3 a6 13. c5 Ne4 14. g4
Nxc3 15. bxc3 Be4 16. Nd2 e5 17. Bg3 g5 18. Nxe4 dxe4 19. Bc4 Kh8 20. Rd1
f5 21. gxf5 exd4 22. cxd4 Nxc5 23. dxc5 Bxa1 24. Rxa1 h5 25. Be5+ Kh7 26.
f6 Rae8 27. Bd4 Kg6 28. b4 g4 29. h4 Rd8 30. f7 Rc8 31. Be5 Ra8 32. Bd6
Rxf7 33. Bxf7+ Kxf7 34. Kg2 Rd8 35. Kg3 Kf6 36. Kf4 Re8 37. Rd1 Re6 38. Rd4
Re8 39. Rxe4 Rxe4+ 40. Kxe4 a5 41. bxa5 Ke6 42. Kf4 Kd5 43. e4+ Kc4 44. e5
Kb5 45. e6 Kxa5 46. e7 Kb5 47. e8=Q Kc4 48. Qe4+ Kc3 49. Be5+ Kd2 50. Qe3+
Kc2 51. Qc3+ Kd1 52. Qb2 Ke1 53. Kg3 Kf1 54. f3 Ke1 55. fxg4 hxg4 56. Kxg4
b5 57. Kf3 b4 58. Qe2# { Black checkmated } 1-0

[Event "ICC tourney 2074 (75 10)"]
[Site "Internet Chess Club"]
[Date "2020.10.25"]
[Round "5"]
[White "KidCharlemagne4"]
[Black "ayanloveschess"]
[Result "0-1"]
[ICCResult "White checkmated"]
[WhiteElo "1138"]
[BlackElo "899"]
[Opening "Four knights: Scotch, 4...exd4"]
[ECO "C47"]
[NIC "SO.03"]
[Time "14:31:52"]
[PlyCount "132"]
[TimeControl "4500+10"]

1. e4 e5 2. Nf3 Nc6 3. Nc3 Nf6 4. d4 exd4 5. Nxd4 Bb4 6. Nxc6 bxc6 7. Bd3
d5 8. exd5 cxd5 9. O-O O-O 10. Bg5 Be6 11. Qf3 Be7 12. Qg3 Nh5 13. Bxe7
Qxe7 14. Qf3 Nf6 15. Rae1 Rfe8 16. Bb5 Red8 17. Bd3 c6 18. Bf5 Re8 19. Bxe6
fxe6 20. Re5 Qd6 21. Rfe1 Nd7 22. R5e2 e5 23. Rd1 Rad8 24. Ne4 dxe4 25.
Rxd6 exf3 26. gxf3 Nb6 27. Rxd8 Rxd8 28. Rxe5 Rd1+ 29. Kg2 Kf7 30. Rc5 Rd6
31. Ra5 Rd7 32. Rc5 Rc7 33. b3 Ke6 34. c4 Nd7 35. Rg5 Nf8 36. f4 g6 37.
Re5+ Kf6 38. Kf3 Ne6 39. Ke4 Re7 40. f5 Ng5+ 41. Kd4 Rxe5 42. f4 Rxf5 43.
fxg5+ Rxg5 44. b4 a6 45. a4 Ke7 46. b5 axb5 47. cxb5 cxb5 48. a5 Kd7 49. a6
Kc7 50. a7 Kb7 51. a8=Q+ Kxa8 52. h4 Rg4+ 53. Kc5 Rxh4 54. Kxb5 Rf4 55. Kc5
g5 56. Kd5 h5 57. Ke5 h4 58. Kd6 h3 59. Kc7 h2 60. Kb6 h1=Q 61. Kc7 Qc1+
62. Kd6 Rd4+ 63. Ke6 Qe1+ 64. Kf7 Rd6 65. Kg7 Qe7+ 66. Kh8 Rd8# { White
checkmated } 0-1

[Event "ICC tourney 2074 (75 10)"]
[Site "Internet Chess Club"]
[Date "2020.10.25"]
[Round "5"]
[White "nsuralik"]
[Black "Nathan-Shamalov"]
[Result "1-0"]
[ICCResult "Black resigns"]
[WhiteElo "1109"]
[BlackElo "1036"]
[Opening "Petrov three knights game"]
[ECO "C42"]
[NIC "RG.01"]
[Time "14:31:40"]
[PlyCount "89"]
[TimeControl "4500+10"]

1. e4 e5 2. Nf3 Nf6 3. Nc3 d5 4. d3 dxe4 5. dxe4 Qxd1+ 6. Kxd1 Bg4 7. Be2
Nc6 8. h3 O-O-O+ 9. Bd2 Bxf3 10. Bxf3 Bb4 11. Kc1 Nd4 12. Rd1 Rd6 13. a3
Bxc3 14. Bxc3 Nxf3 15. gxf3 Rhd8 16. Rxd6 cxd6 17. Kd2 d5 18. Bxe5 dxe4+
19. Ke2 Rd5 20. Bxf6 exf3+ 21. Kxf3 Rf5+ 22. Ke3 Rxf6 23. Rg1 g6 24. Rg4
Rc6 25. Kd3 Rc5 26. Rc4 Rxc4 27. Kxc4 f5 28. Kd5 Kd7 29. c4 Ke7 30. Ke5 b6
31. b4 h6 32. a4 a6 33. Kd5 g5 34. Kc6 g4 35. hxg4 fxg4 36. Kxb6 h5 37. c5
h4 38. c6 g3 39. fxg3 hxg3 40. c7 g2 41. c8=Q g1=Q+ 42. Qc5+ Qxc5+ 43. bxc5
Kd7 44. Kb7 Kd8 45. c6 { Black resigns } 1-0

[Event "ICC tourney 2074 (75 10)"]
[Site "Internet Chess Club"]
[Date "2020.10.25"]
[Round "5"]
[White "BArkadia"]
[Black "DaveGriffin"]
[Result "1-0"]
[ICCResult "Black resigns"]
[WhiteElo "1204"]
[BlackElo "786"]
[Opening "French: Steinitz variation"]
[ECO "C11"]
[NIC "FR.04"]
[Time "14:31:39"]
[PlyCount "87"]
[TimeControl "4500+10"]

1. e4 e6 2. d4 d5 3. Nc3 Nf6 4. e5 Nfd7 5. Nf3 c5 6. Nb5 Qb6 7. c4 a6 8.
Nc3 cxd4 9. Na4 Qa5+ 10. Bd2 Qc7 11. cxd5 Nxe5 12. Rc1 Nxf3+ 13. Qxf3 Qe5+
14. Be2 Nd7 15. dxe6 Qxe6 16. O-O Nf6 17. Bb5+ axb5 18. Rfe1 bxa4 19. Rxe6+
fxe6 20. g4 Be7 21. g5 Nd5 22. h4 Rf8 23. Qh5+ Kd7 24. Qxh7 Rf7 25. g6 Nf6
26. Qh8 Rf8 27. Qxg7 Rg8 28. Qh6 Bf8 29. Qg5 Nd5 30. h5 Be7 31. Qe5 Bf6 32.
Qe2 Kd6 33. Qb5 Bd7 34. Bb4+ Nxb4 35. Qxb4+ Ke5 36. Rc5+ Ke4 37. Qe1+ Kf3
38. Qd1+ Kf4 39. Qd2+ Kf3 40. Qd3+ Kf4 41. Qg3+ Ke4 42. Qg4+ Kd3 43. Qf3+
Kd2 44. Kf1 { Black resigns } 1-0

[Event "ICC tourney 2074 (75 10)"]
[Site "Internet Chess Club"]
[Date "2020.10.25"]
[Round "6"]
[White "lucachesschess"]
[Black "kushagra12"]
[Result "1-0"]
[ICCResult "Black checkmated"]
[WhiteElo "1245"]
[BlackElo "1049"]
[Opening "QGD: Ragozin variation"]
[ECO "D38"]
[NIC "NI.27"]
[Time "18:03:15"]
[PlyCount "79"]
[TimeControl "4500+10"]

1. d4 Nf6 2. c4 e6 3. Nf3 d5 4. Nc3 Bb4 5. Bf4 Nc6 6. e3 Ne4 7. Qc2 O-O 8.
Bd3 Nxc3 9. bxc3 dxc4 10. Bxh7+ Kh8 11. cxb4 g6 12. Bxg6 fxg6 13. Qxg6 Qf6
14. Ne5 Nxd4 15. Qxf6+ Rxf6 16. exd4 Rxf4 17. Ng6+ Kg7 18. Nxf4 c3 19. Rc1
e5 20. dxe5 Bf5 21. Rxc3 Re8 22. Rxc7+ Kf8 23. e6 Bxe6 24. Nxe6+ Rxe6+ 25.
Kd2 Rb6 26. Rd1 Rxb4 27. Kc3 Re4 28. Rd8+ Re8 29. Rxe8+ Kxe8 30. Rxb7 Kd8
31. h4 Ke8 32. h5 Kf8 33. h6 Kg8 34. Rxa7 Kh8 35. Rb7 Kg8 36. a4 Kh8 37. a5
Kg8 38. a6 Kf8 39. h7 Ke8 40. h8=R# { Black checkmated } 1-0

[Event "ICC tourney 2074 (75 10)"]
[Site "Internet Chess Club"]
[Date "2020.10.25"]
[Round "6"]
[White "JCJ2018"]
[Black "oxdidi"]
[Result "1-0"]
[ICCResult "Black checkmated"]
[WhiteElo "1055"]
[BlackElo "1046"]
[Opening "Ruy Lopez: exchange variation"]
[ECO "C68"]
[NIC "RL.08"]
[Time "18:03:25"]
[PlyCount "59"]
[TimeControl "4500+10"]

1. e4 e5 2. Nf3 Nc6 3. Bb5 a6 4. Bxc6 dxc6 5. d3 Bc5 6. O-O Qe7 7. Be3 Bxe3
8. fxe3 Bg4 9. h3 Bh5 10. Nbd2 Nf6 11. Qe1 O-O-O 12. Qg3 Rhg8 13. Qxe5 Qxe5
14. Nxe5 g5 15. Rxf6 Rgf8 16. g4 Bg6 17. Nxg6 hxg6 18. Nf3 Rd6 19. Rxd6
cxd6 20. Nxg5 d5 21. exd5 cxd5 22. Rf1 f6 23. Nh7 Rf7 24. Nxf6 Rc7 25. Nxd5
Rxc2 26. e4 Rxb2 27. e5 Re2 28. d4 Rxa2 29. e6 Re2 30. Rf8# { Black
checkmated } 1-0

[Event "ICC tourney 2074 (75 10)"]
[Site "Internet Chess Club"]
[Date "2020.10.25"]
[Round "6"]
[White "Nathan-Shamalov"]
[Black "QueeningPawn8"]
[Result "1-0"]
[ICCResult "Black checkmated"]
[WhiteElo "1051"]
[BlackElo "910"]
[Opening "Sicilian"]
[ECO "B50"]
[NIC "SI.01"]
[Time "18:03:14"]
[PlyCount "43"]
[TimeControl "4500+10"]

1. e4 c5 2. Nf3 d6 3. c3 Nf6 4. Bd3 Bg4 5. Qb3 e6 6. e5 Bxf3 7. exf6 Bxg2
8. fxg7 Bxg7 9. Rg1 Qg5 10. Be4 Qe5 11. d3 Bxe4 12. dxe4 Qxe4+ 13. Be3 Be5
14. Nd2 Qd3 15. Rg3 Bxg3 16. hxg3 Nc6 17. Rd1 Qf5 18. Nc4 Qh3 19. Nxd6+ Ke7
20. Qxb7+ Kf6 21. Qxf7+ Ke5 22. Bf4# { Black checkmated } 1-0

[Event "ICC tourney 2074 (75 10)"]
[Site "Internet Chess Club"]
[Date "2020.10.25"]
[Round "6"]
[White "funderdifflin"]
[Black "TemporaryOtter"]
[Result "1-0"]
[ICCResult "Black checkmated"]
[WhiteElo "684"]
[BlackElo "779"]
[Opening "Queen's pawn, Mason variation"]
[ECO "D00"]
[NIC "QP.08"]
[Time "18:03:17"]
[PlyCount "125"]
[TimeControl "4500+10"]

1. d4 d5 2. Bf4 Nf6 3. e3 Bf5 4. Nf3 Nc6 5. a3 e6 6. Be2 h6 7. Nbd2 Be7 8.
h3 Bg6 9. O-O O-O 10. c4 Bd6 11. Bxd6 cxd6 12. Rc1 Rc8 13. Re1 e5 14. dxe5
dxe5 15. cxd5 Ne7 16. Nxe5 Qxd5 17. Nxg6 Nxg6 18. Bf3 Qd7 19. Ne4 Qxd1 20.
Nxf6+ gxf6 21. Rexd1 Rxc1 22. Rxc1 b6 23. Rc7 a6 24. Rc6 Ne5 25. Rxb6 Nxf3+
26. gxf3 Ra8 27. Rxf6 Kg7 28. Rb6 a5 29. Kg2 f6 30. f4 Kg6 31. Rb5 f5 32.
Kg3 h5 33. h4 a4 34. Rb6+ Kg7 35. f3 Re8 36. Rb4 Rxe3 37. Rxa4 Re1 38. b4
Rb1 39. Ra5 Kg6 40. b5 Kf6 41. a4 Ke6 42. Ra6+ Kd7 43. Rh6 Rg1+ 44. Kf2 Ra1
45. Rxh5 Ke6 46. Rh6+ Kf7 47. b6 Rxa4 48. b7 Rb4 49. Rh8 Rb2+ 50. Kg3 Rb6
51. b8=Q Rxb8 52. Rxb8 Kg6 53. Rg8+ Kf7 54. Rg5 Kf6 55. h5 Ke6 56. h6 Kd5
57. h7 Kd4 58. h8=Q+ Kd3 59. Rg7 Kc4 60. Rd7 Kc5 61. Qc8+ Kb6 62. Rb7+ Ka6
63. Qa8# { Black checkmated } 1-0

[Event "ICC tourney 2074 (75 10)"]
[Site "Internet Chess Club"]
[Date "2020.10.25"]
[Round "6"]
[White "MYMChessWyatt"]
[Black "DaveGriffin"]
[Result "1-0"]
[ICCResult "Black checkmated"]
[WhiteElo "1234"]
[BlackElo "800"]
[Opening "French: Steinitz variation"]
[ECO "C11"]
[NIC "FR.04"]
[Time "18:04:08"]
[PlyCount "77"]
[TimeControl "4500+10"]

1. e4 e6 2. d4 d5 3. Nc3 Nf6 4. e5 Nfd7 5. f4 c5 6. Nf3 Qb6 7. Na4 Qa5+ 8.
c3 cxd4 9. b4 Qc7 10. Nxd4 Nc6 11. Nb5 Qd8 12. Be3 a6 13. Na3 Nxb4 14. cxb4
Bxb4+ 15. Bd2 Bxa3 16. Qb3 Be7 17. Bb4 O-O 18. Bd3 b5 19. Nb2 Nc5 20. Bxc5
Bxc5 21. Rc1 Be3 22. Bxh7+ Kxh7 23. Qxe3 Qa5+ 24. Kf2 Qxa2 25. Rc2 Bb7 26.
Rd1 Rfc8 27. Rcd2 Rc7 28. g4 Rac8 29. Rg1 Rc2 30. Qd3+ Kg8 31. Rxc2 Rxc2+
32. Qxc2 Qa5 33. Rg3 Qb6+ 34. Kf1 a5 35. Rh3 g6 36. f5 exf5 37. gxf5 Bc8
38. Qxc8+ Kg7 39. Qh8# { Black checkmated } 1-0

[Event "ICC tourney 2074 (75 10)"]
[Site "Internet Chess Club"]
[Date "2020.10.25"]
[Round "6"]
[White "ayanloveschess"]
[Black "tundrarules"]
[Result "1/2-1/2"]
[ICCResult "Game drawn by mutual agreement"]
[WhiteElo "885"]
[BlackElo "1004"]
[Opening "Four knights: Spanish, classical defense"]
[ECO "C48"]
[NIC "KP.03"]
[Time "18:03:23"]
[PlyCount "92"]
[TimeControl "4500+10"]

1. e4 e5 2. Nf3 Nc6 3. Bb5 Nf6 4. Nc3 Bc5 5. Bxc6 dxc6 6. O-O Bg4 7. h3 Bh5
8. d3 O-O 9. Bd2 h6 10. Qe2 Re8 11. Rfe1 Qd7 12. Rad1 Rad8 13. Be3 Qd6 14.
Bxc5 Qxc5 15. Qe3 Qb6 16. Qxb6 cxb6 17. g4 Bg6 18. Nh4 b5 19. Rf1 Nd7 20.
Kg2 Nc5 21. Kg3 Ne6 22. Ne2 h5 23. Nxg6 fxg6 24. gxh5 gxh5 25. f4 exf4+ 26.
Nxf4 Nxf4 27. Rxf4 Rf8 28. Rxf8+ Rxf8 29. d4 g5 30. d5 cxd5 31. exd5 Rd8
32. d6 Kf7 33. Rd5 Kg6 34. Kf3 a6 35. Ke4 g4 36. hxg4 hxg4 37. Kf4 Kf6 38.
Kxg4 Ke6 39. Rd2 Rxd6 40. Rxd6+ Kxd6 41. Kf3 Kd5 42. Ke3 Kc4 43. Kd2 Kd4
44. c3+ Kc4 45. Kc2 Kc5 46. Kb3 a5 { Game drawn by mutual agreement }
1/2-1/2

[Event "ICC tourney 2074 (75 10)"]
[Site "Internet Chess Club"]
[Date "2020.10.25"]
[Round "6"]
[White "travelworld"]
[Black "Maximusiv"]
[Result "1-0"]
[ICCResult "Black resigns"]
[WhiteElo "1184"]
[BlackElo "1005"]
[Opening "Scandinavian defense"]
[ECO "B01"]
[NIC "SD.03"]
[Time "18:03:17"]
[PlyCount "51"]
[TimeControl "4500+10"]

1. e4 d5 2. exd5 Nf6 3. Nc3 Nxd5 4. Nxd5 Qxd5 5. Nf3 Nc6 6. d4 Bg4 7. Be2
O-O-O 8. c3 e5 9. c4 Qd6 10. d5 Bxf3 11. Bxf3 Nd4 12. O-O f5 13. Bg5 Be7
14. Bxe7 Qxe7 15. Re1 Nxf3+ 16. Qxf3 Qf6 17. Qe3 Qb6 18. Qxe5 Rde8 19.
Qxf5+ Kb8 20. Rxe8+ Rxe8 21. Qf7 Rd8 22. Qxg7 Qc5 23. b3 Rf8 24. Qg3 Qd4
25. Re1 Qd2 26. Qe3 { Black resigns } 1-0

[Event "ICC tourney 2074 (75 10)"]
[Site "Internet Chess Club"]
[Date "2020.10.25"]
[Round "6"]
[White "Fredzhang"]
[Black "KidCharlemagne4"]
[Result "1-0"]
[ICCResult "Black checkmated"]
[WhiteElo "1024"]
[BlackElo "1147"]
[Opening "King's Indian: orthodox, 7...Nbd7"]
[ECO "E94"]
[NIC "KI.12"]
[Time "18:03:16"]
[PlyCount "125"]
[TimeControl "4500+10"]

1. d4 Nf6 2. c4 g6 3. Nc3 Bg7 4. e4 d6 5. Nf3 O-O 6. Be2 Nbd7 7. O-O e5 8.
d5 Nc5 9. Qc2 Bg4 10. h3 Bh5 11. Re1 a6 12. Nd2 Bxe2 13. Rxe2 Nh5 14. b4
Nd7 15. g3 Bh6 16. Nb3 Bxc1 17. Qxc1 Ndf6 18. Qg5 Kg7 19. Qe3 Qd7 20. Kg2
h6 21. f4 exf4 22. gxf4 Rae8 23. Rf1 Nh7 24. c5 f5 25. e5 dxe5 26. fxe5 f4
27. e6 Qe7 28. Qd4+ Qf6 29. Qxf6+ Rxf6 30. Ne4 Rf5 31. d6 Rxe6 32. Nd4 Rxe4
33. Rxe4 Rg5+ 34. Kh2 cxd6 35. Ne6+ Kf6 36. Nxg5 Nxg5 37. Rc4 dxc5 38. bxc5
Ne6 39. h4 g5 40. hxg5+ hxg5 41. Rb1 g4 42. Rxb7 g3+ 43. Kg2 Kg5 44. Rb6
Nc7 45. c6 Nf6 46. Rb7 Nfd5 47. Rd4 Kf5 48. Rxd5+ Nxd5 49. c7 Nxc7 50. Rxc7
Kg4 51. Rg7+ Kf5 52. Kf3 Ke5 53. Rg5+ Kd4 54. Kxf4 Kc3 55. Rxg3+ Kb2 56.
Rg2+ Ka3 57. Ke5 a5 58. Kd5 a4 59. Kc6 Kb4 60. Rg3 a3 61. Kd5 Ka4 62. Kc5
Ka5 63. Rxa3# { Black checkmated } 1-0